 Dungeon Crawl Stone Soup version 0.23-a0-650-ga4d50d4 (webtiles) character file.

24 Borgoz the Cutter (level 3, 0/24 HPs)
             Began as a Kobold Berserker on Jan 2, 2019.
             Was a Follower of Trog.
             Slain by a jackal (1 damage)
             ... on level 1 of the Dungeon.
             The game lasted 00:01:33 (324 turns).

Borgoz the Cutter (Kobold Berserker)                 Turns: 324, Time: 00:01:34

Health: 0/24       AC:  2    Str: 14    XL:     3   Next: 15%
Magic:  3/3        EV: 15    Int:  8    God:    Trog [*.....]
Gold:   23         SH:  0    Dex: 15    Spells: 2/2 levels left

rFire    . . .     SeeInvis .   a - +0 short sword
rCold    . . .     Gourm    .   (shield restricted)
rNeg     . . .     Faith    .   b - +0 animal skin
rPois    .         Spirit   .   (no helmet)
rElec    .         Reflect  .   (no cloak)
rCorr    .         Harm     .   (no gloves)
MR       .....                  (no boots)
Stlth    +.........             (no amulet)
HPRegen  0.08/turn              (no ring)
MPRegen  0.08/turn              (no ring)

@: no status effects
A: small, carnivore
a: Berserk, Renounce Religion


You were on level 1 of the Dungeon.
You worshipped Trog.
Trog was aware of your devotion.
You were not hungry.

You visited 1 branch of the dungeon, and saw 2 of its levels.

You collected 23 gold pieces.

Inventory:

Hand Weapons
 a - a +0 short sword (weapon)
Armour
 b - a +0 animal skin (worn)
Jewellery
 d - an uncursed ring of positive energy {unknown}
Scrolls
 e - 2 scrolls of remove curse {unknown}
 f - a scroll of fog {unknown}
Comestibles
 c - a ration


   Skills:
 + Level 3.9 Fighting
 + Level 4.7 Short Blades
 + Level 1.6 Armour
 + Level 2.5 Dodging


You had 2 spell levels left.
You didn't know any spells.
Your spell library was empty.

Dungeon Overview and Level Annotations

Branches:
Dungeon (2/15)

Altars:


Innate Abilities, Weirdness & Mutations

You are small and have problems with some larger weapons.
You are carnivorous and can eat meat at any time.


Message History

The jackal barely misses you.
You hit the jackal.
You kill the jackal!
Trog accepts your kill.
You hit the jackal.
The jackal is heavily wounded.
The jackal bites you.
* * * LOW HITPOINT WARNING * * *
The jackal completely misses you.
You hit the jackal.
The jackal is severely wounded.
The jackal closely misses you.
You barely miss the jackal.
The jackal is severely wounded.
The jackal completely misses you. The jackal closely misses you.
You hit the jackal.
You kill the jackal!
Trog accepts your kill.
You hit the jackal but do no damage. The jackal bites you.
You die...

...........##### ..
................ ..# #.#
#......# ..# #.# #......# #.#
#.# #...g..# #.# #^# ####.#.#
#.#.#.# #.#.## ###
#######.#.#.#########.†..#....#
................@hg†......>.#
.#.####.###.##.######....####
.#..........##.######.#.#....
.######..##.........#.#.#.#.#
.. #...............#.#[#.# ..
......##.##.........#.#.#.# ##
...### #..#.........#.#.# ...
##.#.........#.#.# ...#
.#.##.#####


You could see a jackal and a goblin.

Vanquished Creatures
  A dart slug (D:2)
  2 leopard geckos
  3 goblins
  2 hobgoblins (D:1)
  3 jackals (D:1)
  2 kobolds
  2 bats (D:1)
  3 rats (D:1)
18 creatures vanquished.

Notes
Turn   | Place    | Note
-------+----------+-------------------------------------------
     0 | D:1      | Borgoz the Kobold Berserker began the quest for the Orb.
     0 | D:1      | Reached XP level 1. HP: 14/14 MP: 1/1
    62 | D:1      | Reached XP level 2. HP: 19/19 MP: 2/2
   184 | D:1      | You fall through a shaft!
   293 | D:1      | Reached XP level 3. HP: 20/24 MP: 3/3
   318 | D:1      | HP: 1/24 [jackal (2)]
   324 | D:1      | Slain by a jackal

Vault maps used:
D:1:      noname_arrival_rooms_in_the_neighbourhood
D:2:      grunt_temple_overflow_open, xom_redecorated, uniq_terence,
          uniq_natasha

Action                   || total
-------------------------++-------
Melee: Short sword       ||    68
  Eat: Chunk             ||     1
Armor: Animal skin       ||    12
Dodge: Dodged            ||    63

Table legend:
 A = Non-vault XP
 B = Vault XP
 C = Vault XP percentage of total XP
 D = Non-vault monster count
 E = Vault monster count
 F = Vault count percentage of total count
                 A         B        C        D         E       F
            +---------+---------+-------+---------+---------+-------
      Total |      35 |       0 |   0.0 |      18 |       0 |   0.0
            +---------+---------+-------+---------+---------+-------
        D:1 |      24 |       0 |   0.0 |      14 |       0 |   0.0
        D:2 |      11 |       0 |   0.0 |       4 |       0 |   0.0
            +---------+---------+-------+---------+---------+-------
